[Event "*** Titled Tuesday Blitz"]
[Site "Chess.com"]
[Date "2019.05.07"]
[Round "1"]
[White "GHANDEEVAM2003"]
[Black "Slovak_fighter2000"]
[Result "1-0"]
[WhiteElo "2863"]
[BlackElo "2459"]
[TimeControl "180+2"]
[EndTime "13:08:29 PDT"]
[Termination "GHANDEEVAM2003 won by resignation"]

1. Nf3 Nf6 2. c4 e6 3. g3 d5 4. d4 Bb4+ 5. Bd2 Be7 6. Bg2 O-O 7. O-O c6 8. Qc2 Nbd7 9. Bf4 b6 10. Rd1 Bb7 11.
Nc3 Rc8 12. Ne5 Nh5 13. Bc1 Nhf6 14. b3 Nxe5 15. dxe5 Nd7 16. f4 Bc5+ 17. e3 Qe7 18.
Na4 Rfd8 19. Nxc5 Qxc5 20. Qe2 dxc4 21. bxc4 Ba6 22. Bf1 Qe7 23. Bb2 Nc5 24. Qc2 Rxd1 25. Rxd1 Rd8 26. Rd4 Bb7 27. Qd1 Rxd4 28. exd4 Na6 29.
Bc3 Qa3 30. Qd2 h6 31. Bg2 Qa4 32. Qe2 Nc7 33. h4 Ba6 34. Bf1 b5 35. Qb2 Qd1 36. Qb3 Qf3 37. Ba5 Qxb3 38. axb3 Ne8 39. Kf2 bxc4 40. bxc4 f6 41. Ke3 Kf7 42. h5 Ke7 43. Kd3 Kd7 44. Bh3 f5 45. g4 fxg4 46.
Bxg4 Bb7 47. Kc3 Ke7 48. Kb4 Bc8 49. Kc5 Bd7 50. Bf3 g6 51. hxg6 Ng7 52. Bxc6 Bxc6 53. Kxc6 h5 54. d5 exd5 55. cxd5 h4 56. d6+ Kf8 57.
d7 Ne6 58. f5 Nd4+ 59. Kd5 1-0

[Event "*** Titled Tuesday Blitz"]
[Site "Chess.com"]
[Date "2019.05.07"]
[Round "1"]
[White "RzayevB"]
[Black "Veiso"]
[Result "1-0"]
[WhiteElo "2697"]
[BlackElo "2355"]
[TimeControl "180+2"]
[EndTime "13:08:30 PDT"]
[Termination "RzayevB won by resignation"]

1. e4 c5 2. Nf3 d6 3. Nc3 a6 4. a4 Nf6 5. e5 dxe5 6. Nxe5 Nbd7 7.
Nc4 e6 8. g3 Nb6 9. Nxb6 Qxb6 10.
Bg2 Be7 11. O-O O-O 12. d3 Bd7 13. a5 Qc7 14. Bf4 Bd6 15. Bg5 Bc6 16. Bxc6 Qxc6 17. Bxf6 gxf6 18. Qh5 f5 19. Qg5+ Kh8 20. Qf6+ Kg8 21.
Ra4 Rfe8 22. Qg5+ Kh8 23. Qh5 f6 24. Rh4 Qd7 25. Na4 Qg7 26. Nb6 Rad8 27. Re1 Bc7 28. Nc4 Kg8 29. Kf1 Qg6 30. Qf3 Rb8 31.
Qe3 Rbc8 32. Qf3 Rb8 33. g4 f4 34. Rh5 e5 35. Qd5+ Kh8 36. f3 b5 37. axb6 Bxb6 38.
Qd6 Red8 39. Qc6 Rdc8 40. Qe6 Re8 41. Nxe5 Rxe6 42. Nxg6+ Kg7 43. Rxe6 hxg6 44. Rd5 c4 45. Rd7+ Kh6 46. Rxf6 Be3 47. h4 1-0

[Event "*** Titled Tuesday Blitz"]
[Site "Chess.com"]
[Date "2019.05.07"]
[Round "1"]
[White "Witik"]
[Black "FedaMaster"]
[Result "1-0"]
[WhiteElo "2612"]
[BlackElo "2295"]
[TimeControl "180+2"]
[EndTime "13:08:30 PDT"]
[Termination "Witik won by resignation"]

1. d4 Nf6 2. c4 g6 3. Nc3 d5 4.
cxd5 Nxd5 5. e4 Nxc3 6. bxc3 Bg7 7. Bg5 c5 8. Rc1 h6 9. Bh4 O-O 10. Nf3 Bg4 11. d5 Qa5 12. Qd2 e6 13. c4 Qxd2+ 14.
Kxd2 exd5 15. cxd5 b6 16. h3 Bc8 17. Bd3 Re8 18.
Rhe1 Nd7 19. Bb5 a6 20. Bc6 Ra7 21. e5 g5 22. Bg3 Rd8 23. d6 Nb8 24. Bd5 Be6 25.
Bxe6 fxe6 26. Re4 Nd7 27. Ke2 b5 28. h4 gxh4 29. Rxh4 Rf8 30. Rg4 Kh7 31. Rh1 Re8 32. Bf4 c4 33. Ng5+ Kg8 34. Ne4 Kf7 35. Rh5 Rg8 36.
Bg3 b4 37. Rf4+ Ke8 38. Nf6+ Bxf6 39. exf6 Rg6 40. f7+ Kf8 41. Bh4 Nc5 42. Be7+ Rxe7 43. dxe7+ Kxe7 44. f8=Q+ Kd7 1-0

[Event "*** Titled Tuesday Blitz"]
[Site "Chess.com"]
[Date "2019.05.07"]
[Round "1"]
[White "Maikrosoft63"]
[Black "Simoncelli15"]
[Result "0-1"]
[WhiteElo "2560"]
[BlackElo "2264"]
[TimeControl "180+2"]
[EndTime "13:08:32 PDT"]
[Termination "Simoncelli15 won by resignation"]

1. e4 e6 2. d4 d5 3. Nd2 Be7 4.
e5 c5 5. c3 cxd4 6. cxd4 Qb6 7.
Ndf3 Bb4+ 8. Bd2 Nc6 9. a3 Bxd2+ 10. Qxd2 Nh6 11. Bd3 Nf5 12. Ne2 Bd7 13. Bxf5 exf5 14. O-O h6 15. Nc3 Be6 16. b4 g5 17. Na4 Qd8 18.
Rac1 g4 19. Ne1 Qg5 20. Qb2 f4 21. b5 Ne7 22. Rc7 b6 23. Nd3 f3 24. g3 Ng6 25.
Qc1 Qf5 26. Qc6+ Kf8 27. Nab2 Kg7 28. Rc1 h5 29. Qc2 h4 30. Qd2 Rh7 31. Nf4 Nxf4 32. Qxf4 Qxf4 33. gxf4 g3 34. fxg3 hxg3 35. hxg3 Rah8 36.
R7c2 Rh1+ 37. Kf2 Rxc1 38. Rxc1 Rh2+ 39. Kxf3 Rxb2 40. Rc7 Rxb5 41. Rxa7 Rb3+ 42. Kg2 Kg6 43. a4 Kf5 44. Ra8 Ke4 45. a5 bxa5 46. Rxa5 Kxd4 47. Ra7 Ke3 48. f5 Bxf5 49. Rxf7 Rb2+ 50. Kg1 Be4 51.
g4 Rg2+ 52. Kf1 Rxg4 53. Re7 Bd3+ 0-1

[Event "*** Titled Tuesday Blitz"]
[Site "Chess.com"]
[Date "2019.05.07"]
[Round "1"]
[White "Kimster98"]
[Black "Koksal06"]
[Result "0-1"]
[WhiteElo "2647"]
[BlackElo "2410"]
[TimeControl "180+2"]
[EndTime "13:08:33 PDT"]
[Termination "Koksal06 won by resignation"]

1. Nf3 e6 2. c4 d5 3. g3 Nf6 4. Bg2 dxc4 5. Qa4+ Bd7 6. Qxc4 Bc6 7. O-O Nbd7 8. d3 Be7 9. a3 O-O 10. b4 Bxf3 11.
Bxf3 Ne5 12. Qf4 Nxf3+ 13. Qxf3 Qd5 14. Qxd5 exd5 15. Nc3 c6 16. e4 a5 17. bxa5 Rxa5 18. a4 Rfa8 19. Rb1 R8a7 20. Be3 Bc5 21. d4 Be7 22. e5 Nd7 23. Bd2 R5a6 24. Rb2 Nb6 25.
Rfb1 Nc4 26. Ra2 b5 27. Be1 b4 28. Ne2 Rxa4 29. Rxa4 Rxa4 30. Nc1 Na3 31. Rb2 Nb5 32.
Nb3 g6 33. Kf1 Kg7 34. Ke2 Nc3+ 35. Kd3 Nb5 36. Nc1 g5 37. f4 Kg6 38. Ke3 gxf4+ 39. gxf4 Ra3+ 40. Rb3 Kf5 41. Kd3 Kxf4 42. Ne2+ Kf5 43.
Kc2 Rxb3 44. Kxb3 Ke4 45. Ng3+ Kd3 46. Bf2 Nxd4+ 47. Bxd4 Kxd4 48. Nf5+ Kxe5 49. Nxe7 c5 50. Ka4 f5 51. Nc6+ Ke4 0-1

[Event "*** Titled Tuesday Blitz"]
[Site "Chess.com"]
[Date "2019.05.07"]
[Round "1"]
[White "GMKrikor"]
[Black "TargetA"]
[Result "1-0"]
[WhiteElo "2781"]
[BlackElo "2428"]
[TimeControl "180+2"]
[EndTime "13:08:37 PDT"]
[Termination "GMKrikor won by resignation"]

1. e4 e5 2. Bc4 Nf6 3. d3 c6 4.
Nf3 d5 5. Bb3 dxe4 6. Ng5 Be6 7.
Nxe6 fxe6 8. Bxe6 exd3 9. O-O Qe7 10. Bh3 dxc2 11. Qxc2 Nbd7 12. Nc3 O-O-O 13. Be3 Kb8 14. Rfd1 Nb6 15. Rxd8+ Qxd8 16. Rd1 Qc7 17. Qf5 Bb4 18. Bg5 Rf8 19. g3 Nfd5 20. Qxh7 Bxc3 21. bxc3 Nxc3 22. Re1 Nbd5 23. Bg2 Qf7 24. Rf1 e4 25. h4 Re8 26.
Bd2 Ne2+ 27. Kh2 Nd4 28. Kh1 Nf3 29. Bc1 Rf8 30. h5 Qe6 31. Qg6 Rf6 32. Qxg7 Qf5 33. g4 Qe5 34. Bxf3 exf3 35. g5 Qf5 36. gxf6 Qh3+ 37.
Kg1 Nc3 38. Qg3+ Qxg3+ 39. fxg3 1-0

[Event "*** Titled Tuesday Blitz"]
[Site "Chess.com"]
[Date "2019.05.07"]
[Round "1"]
[White "Szparu"]
[Black "Siemba"]
[Result "0-1"]
[WhiteElo "2509"]
[BlackElo "2129"]
[TimeControl "180+2"]
[EndTime "13:08:45 PDT"]
[Termination "Siemba won by resignation"]

1. e4 c5 2. Nf3 Nc6 3. d4 cxd4 4. Nxd4 Nf6 5. Nc3 e5 6. Ndb5 d6 7. Bg5 a6 8. Na3 b5 9. Bxf6 gxf6 10. Nd5 f5 11. c3 Bg7 12. Nxb5 axb5 13. Bxb5 Bb7 14.
exf5 O-O 15. O-O Ne7 16. Ne3 Kh8 17. Qh5 Ng8 18. a4 Nf6 19. Qe2 Rg8 20. Rad1 Bh6 21. g3 Ne4 22. Ng4 Ng5 23. f3 Nh3+ 24. Kg2 Nf4+ 25.
gxf4 Rxg4+ 26. Kh1 Rxf4 27. Bc4 Qf6 28. Bd5 Bxd5 29.
Rxd5 Qxf5 30. a5 Rg8 31. a6 Qe6 32. Qd1 Rh4 33. Rf2 Bf4 34. Rdd2 Bxd2 35. Qxd2 d5 36. Qe2 e4 37. f4 Qg6 38. Rf1 Rxf4 39. a7 Rxf1+ 40. Qxf1 e3 41. h4 Qe4+ 42. Kh2 Qxh4+ 43. Qh3 Qf2+ 0-1

[Event "*** Titled Tuesday Blitz"]
[Site "Chess.com"]
[Date "2019.05.07"]
[Round "1"]
[White "rubhani"]
[Black "PawnEatingZombie"]
[Result "1-0"]
[WhiteElo "2530"]
[BlackElo "2132"]
[TimeControl "180+2"]
[EndTime "13:08:46 PDT"]
[Termination "rubhani won by resignation"]

1. Nf3 d5 2. g3 e6 3. Bg2 Nf6 4. O-O b5 5. a4 b4 6. c3 a5 7.
c4 c6 8. d4 dxc4 9. Ne5 Bb7 10. Nxc4 Be7 11. b3 O-O 12. Bb2 Qc7 13. Nbd2 Nbd7 14.
Rc1 c5 15. Nf3 Rfd8 16. Qc2 Be4 17. Qd2 Qb7 18. Qe3 h6 19. h3 Bd5 20. Rfd1 Qa6 21.
Nfe5 Bxg2 22. Kxg2 Rac8 23. Nxd7 Rxd7 24. dxc5 Bxc5 25.
Qf3 Be7 26. Bxf6 Rxd1 27. Rxd1 Bxf6 28. Rd6 Qa7 29. Qd3 g6 30. e3 Kg7 31. h4 Qc5 32.
Rd7 Rc7 33. Rxc7 Qxc7 34. Qe4 Be7 35. Qa8 Qd7 36. Nxa5 Qd3 37. Qb7 Bd6 38. Nc4 Qd1 39. Nxd6 Qxd6 40. a5 Qd3 41. a6 Qxb3 42. a7 Qa3 43.
a8=Q 1-0

[Event "*** Titled Tuesday Blitz"]
[Site "Chess.com"]
[Date "2019.05.07"]
[Round "1"]
[White "jncool68"]
[Black "MosheFriedland"]
[Result "1/2-1/2"]
[WhiteElo "2608"]
[BlackElo "2468"]
[TimeControl "180+2"]
[EndTime "13:08:47 PDT"]
[Termination "Game drawn - insufficient material"]

1. e4 c5 2. Nf3 d6 3. Bb5+ Bd7 4. Bxd7+ Nxd7 5. O-O Ngf6 6. Qe2 Rc8 7. b3 g6 8. Bb2 Bg7 9. c4 e5 10. Nc3 Nf8 11.
Nd5 Ne6 12. d3 O-O 13. g3 Nh5 14. Nh4 Nef4 15. Qf3 Nxd5 16. cxd5 Qe8 17. Nf5 gxf5 18. Qxh5 fxe4 19. dxe4 f5 20. Qxe8 Rcxe8 21. f3 fxe4 22.
fxe4 Rxf1+ 23. Kxf1 Kf7 24. Ke2 Ke7 25. Rf1 Rf8 26. Rf3 Rxf3 27. Kxf3 Bh6 28. Kg4 Kf6 29. Bc3 b5 30. Kh5 Be3 31. g4 Bd4 32. Bd2 c4 33. bxc4 bxc4 34. g5+ Kg7 35. Bc1 Ba1 36. Kg4 c3 37. Kf5 Bb2 38. Be3 Kf7 39. Bxa7 c2 40. Be3 c1=Q 41. Bxc1 Bxc1 42. a4 Bd2 43. h4 Ke7 44. g6 hxg6+ 45. Kxg6 Kf8 46.
Kf6 Be1 47. h5 Bb4 48. Ke6 Kg7 49. a5 Kh6 50. a6 Bc5 51. a7 Bxa7 52. Kxd6 Bb8+ 53.
Ke6 Kxh5 54. d6 Kg6 55. d7 Bc7 56. d8=Q Bxd8 57. Kxe5 Bc7+ 58. Kd5 Kf7 59. e5 Bxe5 1/2-1/2

[Event "*** Titled Tuesday Blitz"]
[Site "Chess.com"]
[Date "2019.05.07"]
[Round "1"]
[White "Iball95"]
[Black "superstructure"]
[Result "1-0"]
[WhiteElo "2585"]
[BlackElo "2253"]
[TimeControl "180+2"]
[EndTime "13:08:48 PDT"]
[Termination "Iball95 won on time"]

1. e4 e5 2. Nf3 Nc6 3. Nc3 Nf6 4. Bb5 Bb4 5. d3 d6 6. O-O O-O 7. Bg5 Bxc3 8. bxc3 Qe7 9. Re1 Nd8 10. d4 Ne6 11.
Bd2 c6 12. Bd3 Nd7 13. a4 b6 14. a5 b5 15. g3 a6 16. Nh4 g6 17. Bh6 Re8 18.
Bf1 Nf6 19. h3 Bb7 20. Qd2 Rad8 21. Bg2 Kh8 22. Kh2 Ng8 23. Be3 f6 24. f4 Ng7 25.
Rad1 Qc7 26. Qf2 Qxa5 27. dxe5 c5 28. exd6 Bxe4 29. Bxc5 Bxg2 30. Bb6 Qxc3 31. Bxd8 Rxd8 32. Qxg2 Nh5 33. d7 Ng7 34. Re2 Qc7 35. Qd5 Nh6 36. Qd6 Qa5 37. Qxf6 Ng8 38. Re8 Qc7 39. Qxd8 Qxc2+ 40. Ng2 1-0

[Event "*** Titled Tuesday Blitz"]
[Site "Chess.com"]
[Date "2019.05.07"]
[Round "1"]
[White "Caisachess"]
[Black "Vincent_Vega95"]
[Result "0-1"]
[WhiteElo "2351"]
[BlackElo "2671"]
[TimeControl "180+2"]
[EndTime "13:08:49 PDT"]
[Termination "Vincent_Vega95 won by resignation"]

1. e4 c5 2. c3 Nf6 3. e5 Nd5 4. d4 cxd4 5. Nf3 e6 6. cxd4 d6 7. a3 Bd7 8. Bd3 Bc6 9. O-O Nd7 10. Re1 Be7 11. b4 a6 12. Bb2 O-O 13. Nbd2 N7b6 14.
Rc1 Ba4 15. Bc2 Bxc2 16. Qxc2 Rc8 17. Qb3 Qd7 18. Rxc8 Rxc8 19. Rc1 Nf4 20. Rxc8+ Qxc8 21. g3 Ng6 22. h4 d5 23. Qc3 Qxc3 24. Bxc3 Nf8 25. Ne1 Na4 26. Ba1 b6 27. Kf1 Nd7 28. Ke2 f6 29. f4 Kf7 30. Kd3 Kg6 31. Ng2 h5 32. Ne3 Kf7 33. Kc2 Nb8 34. Kb3 b5 35.
f5 Nc6 36. Nf3 a5 37. bxa5 Nxa5+ 38. Ka2 Nb6 39. Bc3 Nac4 40. fxe6+ Kxe6 41. exf6 gxf6 42. Nc2 Kf5 43. Nd2 Bd6 44. Nf1 Ke4 45. Kb3 Kf3 46. Bb4 Bxg3 47. Nxg3 Kxg3 48. Be7 f5 49. Kb4 f4 50. Kxb5 f3 51. Bd6+ Nxd6+ 52. Kxb6 f2 0-1

[Event "*** Titled Tuesday Blitz"]
[Site "Chess.com"]
[Date "2019.05.07"]
[Round "1"]
[White "quesfr"]
[Black "GMJimKnopf"]
[Result "1-0"]
[WhiteElo "2199"]
[BlackElo "2482"]
[TimeControl "180+2"]
[EndTime "13:08:49 PDT"]
[Termination "quesfr won on time"]

1. e4 c5 2. c3 d6 3. d4 Nf6 4. Bd3 g6 5. dxc5 dxc5 6. e5 Nd5 7. Be4 e6 8. c4 Ne7 9. Qxd8+ Kxd8 10. Be3 Nf5 11.
Bg5+ Be7 12. Bxe7+ Kxe7 13. Bxf5 exf5 14. Nc3 Be6 15. Nd5+ Bxd5 16. cxd5 Nd7 17. f4 Nb6 18. O-O-O Rad8 19. d6+ Ke6 20. Nf3 h6 21. h4 Nd5 22.
g3 Rhg8 23. Kb1 b6 24. Rd2 Ne3 25. h5 g5 26. Re1 Nd5 27. a3 gxf4 28. gxf4 Nxf4 29.
Rf1 Nxh5 30. Nh4 f4 31. Nf3 Ng3 32. Re1 Nf5 33. Rh2 Rg3 34. Nd2 Rdg8 35. Ne4 Rg1 36. Rxg1 Rxg1+ 37. Ka2 Kxe5 38. d7 Rd1 39. Rd2 Rxd2 40.
Nxd2 1-0

[Event "*** Titled Tuesday Blitz"]
[Site "Chess.com"]
[Date "2019.05.07"]
[Round "1"]
[White "joppie2"]
[Black "LiamVrolijk"]
[Result "0-1"]
[WhiteElo "2754"]
[BlackElo "2468"]
[TimeControl "180+2"]
[EndTime "13:08:52 PDT"]
[Termination "LiamVrolijk won by resignation"]

1. e4 e5 2. Nf3 Nc6 3. Bb5 Nf6 4. d3 Bc5 5. c3 O-O 6. Bg5 h6 7. Bh4 Be7 8. O-O d6 9. Nbd2 Nh7 10. Bg3 Ng5 11. h3 Nxf3+ 12. Nxf3 f5 13. exf5 Bxf5 14. Bc4+ Kh7 15. Bd5 Bf6 16. Re1 Qd7 17. Nd2 Rae8 18.
Ne4 Bd8 19. b4 Ne7 20. Bxb7 Qb5 21. Ba8 Qb8 22. Qf3 Bg6 23. Qg4 Qxa8 24. h4 Nd5 25. h5 Bf5 26. Qe2 Nf6 27. c4 Kh8 28. Bh2 Bg4 29.
f3 Bxh5 30. b5 Nxe4 31. dxe4 c6 32. a4 Bb6+ 33. Kh1 cxb5 34. cxb5 d5 35. Rad1 Bd4 36.
Bg1 Bxg1 37. Kxg1 d4 38. Rc1 Rc8 39. Qa2 Bf7 40. Qa3 Rxc1 41. Rxc1 Rc8 42. Rc5 d3 43. Kf2 d2 44. Ke2 Rxc5 45. Qxc5 Qd8 46. Qc2 Qd4 47. Qxd2 Qxa4 48. Qb2 Bc4+ 49. Kf2 Qxb5 50. Qa3 Kh7 51. Qe7 a5 52. g4 Qb6+ 53. Kg3 Qf6 54. Qc5 Be2 0-1

[Event "*** Titled Tuesday Blitz"]
[Site "Chess.com"]
[Date "2019.05.07"]
[Round "1"]
[White "chessdjw"]
[Black "filali-marouan"]
[Result "0-1"]
[WhiteElo "2688"]
[BlackElo "2380"]
[TimeControl "180+2"]
[EndTime "13:08:57 PDT"]
[Termination "filali-marouan won by resignation"]

1. d4 c6 2. Nf3 d5 3. c4 Nf6 4. e3 g6 5. Nc3 Bg7 6. Be2 O-O 7. O-O e6 8. b3 Nbd7 9. Ba3 Re8 10. h3 Ne4 11.
Nxe4 dxe4 12. Nd2 f5 13. Bd6 e5 14. c5 exd4 15. exd4 Bxd4 16. b4 Bxa1 17. Qb3+ Kg7 18. Rxa1 Nf6 19. Rd1 Be6 20. Qb2 Qd7 21. Nc4 Bxc4 22. Bf8+ Kxf8 23. Rxd7 Nxd7 24. Bxc4 Ne5 25. Bb3 Rad8 26. Qc1 Kg7 27. Kh2 Rd7 28. Qb2 Rd3 29.
a4 h5 30. b5 Kh7 31. Ba2 Rd7 32. a5 Nd3 33. Qf6 Ree7 34. Be6 Rxe6 35. Qxe6 Nxc5 36. Qc4 Nd3 37. a6 c5 38. Qe6 Rg7 39.
h4 bxa6 40. bxa6 Nxf2 41. Qc8 e3 42. Qxc5 Rd7 43. Kg3 Ne4+ 44. Kf4 Nxc5 45. Kxe3 Nxa6 46. Kf3 Rd4 47. g3 Rg4 48. Kg2 Nc5 49. Kh3 a5 50.
Kh2 a4 51. Kh3 a3 52. Kh2 a2 53. Kh3 a1=Q 54. Kh2 Rxh4+ 55. gxh4 Qd4 56. Kg3 Qg4+ 57. Kh2 0-1

[Event "*** Titled Tuesday Blitz"]
[Site "Chess.com"]
[Date "2019.05.07"]
[Round "1"]
[White "jcibarra"]
[Black "tactics321"]
[Result "1-0"]
[WhiteElo "2702"]
[BlackElo "2349"]
[TimeControl "180+2"]
[EndTime "13:09:01 PDT"]
[Termination "jcibarra won by resignation"]

1. e4 c5 2. Nf3 Nc6 3. Nc3 g6 4.
d4 cxd4 5. Nxd4 Bg7 6. Be3 Nf6 7.
Bc4 O-O 8. Bb3 Re8 9. h4 Ng4 10. Nxc6 dxc6 11. Qf3 Rf8 12. Bd2 Ne5 13. Qe2 h5 14.
O-O-O Qc7 15. f3 a5 16. a4 b5 17. axb5 a4 18. Ba2 a3 19. b4 Qd6 20. Nb1 Be6 21. c4 Nd3+ 22. Kc2 Qd4 23. Bc3 Nxb4+ 24. Kb3 Qxc4+ 25.
Qxc4 Bxc4+ 26. Kxc4 Nxa2 27. Bxg7 Kxg7 28. Kb3 Nb4 29. Kxb4 a2 30. Nc3 Rfb8 31. Ra1 cxb5 32. Kb3 b4 33. Nd5 Ra3+ 34. Kb2 Rd3 35. Rhd1 Rxd1 36.
Rxd1 b3 37. Nxe7 Kf6 38. Nc6 Rb6 39. Nd4 Rd6 40. Rd2 Ke5 41. Nxb3 Rxd2+ 42. Nxd2 Kf4 43. Nf1 g5 44. hxg5 Kxg5 45. Kxa2 1-0

[Event "*** Titled Tuesday Blitz"]
[Site "Chess.com"]
[Date "2019.05.07"]
[Round "1"]
[White "plouarzel"]
[Black "BvsN"]
[Result "1/2-1/2"]
[WhiteElo "2580"]
[BlackElo "2281"]
[TimeControl "180+2"]
[EndTime "13:09:01 PDT"]
[Termination "Game drawn by stalemate"]

1. e4 c5 2. Nf3 e6 3. d4 cxd4 4. Nxd4 a6 5. Nc3 Qc7 6. g3 Bb4 7. Ne2 Nc6 8. Bg2 Nf6 9. O-O Be7 10. h3 b5 11. g4 d6 12. Ng3 Bb7 13. g5 Nd7 14. f4 Nc5 15. f5 Ne5 16. Nh5 g6 17. Ng7+ Kf8 18. f6 Bd8 19. Bf4 b4 20. Ne2 Nxe4 21. Nd4 Qc5 22. Kh1 Qd5 23. Nf3 Qxd1 24.
Raxd1 Nxf3 25. Bxf3 e5 26. Rde1 exf4 27. Bxe4 Bxe4+ 28.
Rxe4 Bb6 29. Rexf4 Rc8 30. Re4 h6 31. Rfe1 Kg8 32. Re8+ Kh7 33. Rxh8+ Kxh8 34. Re8+ Rxe8 35. Nxe8 hxg5 36. Nxd6 Bd4 37. Nxf7+ Kg8 38. Nxg5 Bxf6 39. Ne4 Bxb2 40. Kg2 Kf7 41. Kf3 Ke6 42. Nc5+ Kd5 43.
Nxa6 Kc4 44. Ke2 Be5 45. Ke3 Kb5 46. Ke4 Bh2 47. Nxb4 Kxb4 48. h4 Bg3 49. h5 gxh5 50.
Kf3 h4 51. c4 Kxc4 52. a4 Kc5 53. a5 Bb8 54. a6 Kb6 55. a7 Kxa7 56. Kg2 Bg3 57.
Kh1 Kb6 58. Kg2 Kc5 59. Kh1 Kd5 60. Kg2 Ke4 61. Kh1 Kf3 62. Kg1 h3 63. Kh1 h2 1/2-1/2

[Event "*** Titled Tuesday Blitz"]
[Site "Chess.com"]
[Date "2019.05.07"]
[Round "1"]
[White "Orest_Vovk"]
[Black "mikhaillushenkov"]
[Result "1-0"]
[WhiteElo "2440"]
[BlackElo "2762"]
[TimeControl "180+2"]
[EndTime "13:09:02 PDT"]
[Termination "Orest_Vovk won by resignation"]

1. h4 d5 2. h5 h6 3. e4 dxe4 4.
Nc3 Nf6 5. Qe2 Qd4 6. Rh4 Nc6 7. Nxe4 Nxe4 8. Qxe4 Qxe4+ 9. Rxe4 Bf5 10. Rc4 e5 11. d3 O-O-O 12. g3 Be6 13. Bh3 f5 14.
Ra4 b5 15. Re4 fxe4 16. Bxe6+ Kb7 17. dxe4 Nd4 18. Bb3 Nxb3 19. axb3 Bc5 20. Ke2 Rhf8 21. Be3 Bxe3 22. Kxe3 Rd6 23. Ne2 b4 24. f4 Rc6 25.
c4 bxc3 26. bxc3 Re8 27. Ra5 Rce6 28. f5 Rb6 29. b4 Rc6 30. Rd5 Kc8 31. b5 Rc4 32.
Kd3 Ra4 33. Ng1 Ra2 34. Nf3 Rg2 35. Nxe5 Rxg3+ 36. Kd4 Rh3 37. Ng6 Rxh5 38. Nf4 Rh4 39. Ne6 Rh1 40. Nxg7 Rd1+ 41. Kc5 Rxd5+ 42. Kxd5 Rh8 43.
Nh5 Kd7 44. e5 Ke7 45. e6 Rg8 46. f6+ Kd8 47. f7 Rg5+ 48. Ke4 Ke7 49. Nf6 Rg6 50. Nd5+ Kf8 51. Nxc7 h5 52. Kf5 Rg1 53. Nd5 h4 54. Kf6 Rf1+ 55. Kg6 Rg1+ 56. Kf6 Rf1+ 57. Kg6 Re1 58. e7+ 1-0

[Event "*** Titled Tuesday Blitz"]
[Site "Chess.com"]
[Date "2019.05.07"]
[Round "1"]
[White "H3nriqueTV"]
[Black "biostatistician"]
[Result "0-1"]
[WhiteElo "2014"]
[BlackElo "2514"]
[TimeControl "180+2"]
[EndTime "13:09:05 PDT"]
[Termination "biostatistician won by resignation"]

1. e4 e6 2. d4 d5 3. e5 b6 4.
c3 Qd7 5. Nf3 Ba6 6. Bd3 Bxd3 7.
Qxd3 c5 8. O-O Nc6 9. Bf4 Nge7 10. Nbd2 Rc8 11. a3 Ng6 12. Bg3 c4 13. Qe2 b5 14. h3 a5 15. Nh2 Nge7 16. f4 h5 17. Nhf3 Nf5 18. Bf2 h4 19. Rfe1 Be7 20. Nf1 Bd8 21.
Ne3 Nce7 22. Ng5 Nxe3 23. Bxe3 Nf5 24. Bf2 Bxg5 25. fxg5 Qe7 26. Qg4 g6 27. Be3 Nxe3 28. Rxe3 Rh5 29. Rf1 Rxg5 30. Qf4 Rf5 31. Qh6 Qg5 32.
Qxg5 Rxg5 33. Rf4 Rh5 34. Ref3 Rh7 35. Rg4 Ke7 36. Rf6 Rch8 37. Kf2 Rh5 38. Rgf4 R8h7 39.
Ke2 Rg5 40. Kf2 Rg3 41. Rf3 Rxf3+ 42. Kxf3 Rh5 43. Kg4 Kf8 44. Rf4 Kg7 45. Rf2 Rh8 46. Rf1 b4 47. axb4 axb4 48. Ra1 Rb8 49. Rc1 bxc3 50. bxc3 Rb2 51. Kxh4 Rxg2 52. Rf1 Rc2 53. Rf3 Rd2 54. Kg4 Rd3 55. Rxd3 cxd3 56. Kf3 Kh6 57. Ke3 Kg5 58. Kxd3 Kh4 59. c4 dxc4+ 60. Kxc4 Kxh3 61. d5 exd5+ 62. Kxd5 Kg4 63. e6 fxe6+ 64. Kxe6 g5 65. Ke5 Kf3 0-1

[Event "*** Titled Tuesday Blitz"]
[Site "Chess.com"]
[Date "2019.05.07"]
[Round "1"]
[White "Ind1anStar"]
[Black "StephenDedalus83"]
[Result "1-0"]
[WhiteElo "2465"]
[BlackElo "2802"]
[TimeControl "180+2"]
[EndTime "13:09:14 PDT"]
[Termination "Ind1anStar won by resignation"]

1. d4 Nf6 2. c4 g6 3. Nc3 Bg7 4.
e4 d6 5. h3 O-O 6. Be3 e5 7.
d5 a5 8. Nf3 Na6 9. Bd3 Nc5 10.
Bc2 c6 11. Qd2 Bd7 12. O-O cxd5 13. cxd5 b5 14. Bxc5 dxc5 15. Nxe5 b4 16. Nxd7 bxc3 17. Nxf6+ Qxf6 18. bxc3 Qxc3 19. Qxc3 Bxc3 20. Rab1 Rab8 21.
Rfd1 Bd4 22. Kf1 f6 23. Ke2 Kf7 24. f4 Ke7 25. Kf3 Kd6 26. Rxb8 Rxb8 27. Rb1 Rxb1 28. Bxb1 c4 29. g4 g5 30. e5+ fxe5 31. fxg5 Bc3 32. Bxh7 Bd2 33. g6 Bh6 34. g5 Bg7 35. Bg8 c3 36. Ke3 e4 37. h4 Be5 38. Ke2 Bg3 39.
h5 Bf4 40. Kd1 Bxg5 41. Kc2 Bh6 42. Kxc3 Kc5 43. a3 Bg7+ 44. Kd2 Bh6+ 45. Ke2 Kd6 46. Kf2 Ke5 47. Kg3 Bf8 48. a4 Bh6 49. Kf2 Kd6 50.
Be6 Ke5 51. Ke2 Kd6 52. Kf2 Ke5 53. Kg3 Kf6 54. Kg4 Ke5 55. Bf7 e3 56. Kf3 Kd6 57. g7 Bxg7 58. Kxe3 Ke5 59. Kf3 Kf6 60. Be6 Kg5 61.
Bg4 Bf8 62. Kg3 Bd6+ 63. Kf3 Bc7 64. Ke4 Bd6 65. Be2 Bc7 66. Kd4 Bd6 67. Kc4 Kf6 68. Kb5 Bb4 69. Kc6 Ke7 70. h6 Kd8 71. h7 Bc3 72.
Bg4 Be5 73. Bf5 Bc3 74. Kd6 Bd4 75. Ke6 Bc3 76. Kf7 Kc7 77. Kg8 Kd6 78. Be6 Kc5 79.
h8=Q 1-0

[Event "*** Titled Tuesday Blitz"]
[Site "Chess.com"]
[Date "2019.05.07"]
[Round "1"]
[White "champ2005"]
[Black "PotapovaM"]
[Result "1-0"]
[WhiteElo "2886"]
[BlackElo "2463"]
[TimeControl "180+2"]
[EndTime "13:09:18 PDT"]
[Termination "champ2005 won by resignation"]

1. d4 Nf6 2. c4 g6 3. Nf3 Bg7 4. g3 c5 5. Bg2 O-O 6. O-O cxd4 7. Nxd4 Nc6 8. Nc3 Nxd4 9. Qxd4 d6 10. b3 Ne4 11. Qxe4 Bxc3 12. Bh6 Bxa1 13. Bxf8 Qxf8 14.
Rxa1 Rb8 15. Qe3 b6 16. Rd1 Bb7 17. f3 Bc6 18. a4 e6 19. Qd4 d5 20. e4 dxc4 21.
Qxc4 Qc5+ 22. Qxc5 bxc5 23. Rd6 Be8 24. Bf1 Kf8 25. Bc4 Ke7 26. e5 Rb6 27. Rd2 Rb4 28.
Rc2 Bc6 29. Kf2 g5 30. Ke3 h6 31. Rc3 f6 32. exf6+ Kxf6 33. Kd2 e5 34. Be2 Bd5 35. Kc2 Ke6 36. Rxc5 Bxb3+ 37. Kc3 Rb6 38. Ra5 Rb7 39.
Ra6+ Rb6 40. Rxa7 Bd5 41. a5 Rb3+ 42. Kd2 Ra3 43. Ra6+ Ke7 44. Rxh6 Rxa5 45. Rg6 Ra2+ 46. Ke1 Ra1+ 47. Kf2 Ra2 48. Rxg5 Kf6 49. f4 exf4 50.
Rxd5 1-0

[Event "*** Titled Tuesday Blitz"]
[Site "Chess.com"]
[Date "2019.05.07"]
[Round "1"]
[White "Der_Honigdachs"]
[Black "Storne89"]
[Result "1-0"]
[WhiteElo "2351"]
[BlackElo "2631"]
[TimeControl "180+2"]
[EndTime "13:09:19 PDT"]
[Termination "Der_Honigdachs won by resignation"]

1. d4 Nf6 2. c4 e6 3. Nc3 Bb4 4.
g3 O-O 5. Bg2 Bxc3+ 6. bxc3 d6 7. Qd3 Nc6 8. e4 Na5 9. Ne2 e5 10. f4 b6 11. c5 bxc5 12. O-O Nd7 13. fxe5 dxe5 14. d5 c6 15. Ba3 Rb8 16. Rad1 cxd5 17. exd5 Qb6 18. Rb1 Qd6 19. Rxb8 Nxb8 20. Be4 g6 21.
Qe3 Nb7 22. c4 f6 23. Nc3 Bd7 24. Rb1 Qc7 25. d6 Nxd6 26. Qxc5 Qxc5+ 27. Bxc5 Nxe4 28.
Nxe4 Rc8 29. Nxf6+ Kf7 30. Rxb8 Rxb8 31. Nxd7 Rb1+ 32.
Kg2 Ke6 33. Nf8+ Kf5 34. Nxh7 a6 35. h3 Rb2+ 36. Kf3 Rxa2 37. g4+ Ke6 38. Ng5+ Kd7 39.
Ke4 Kc6 40. Be3 Re2 41. Nf7 a5 42. Nxe5+ Kd6 43. c5+ Ke6 44. c6 Kd6 45. h4 a4 46.
h5 gxh5 47. gxh5 Rh2 48. h6 Kc7 49. Bf4 Rh1 50. Kd5 Rd1+ 51. Kc5 a3 52. Nc4+ Kc8 53. Nb6+ Kd8 54. c7+ 1-0

[Event "*** Titled Tuesday Blitz"]
[Site "Chess.com"]
[Date "2019.05.07"]
[Round "1"]
[White "Hulk711"]
[Black "AndrewMcStone"]
[Result "1-0"]
[WhiteElo "2532"]
[BlackElo "2105"]
[TimeControl "180+2"]
[EndTime "13:09:21 PDT"]
[Termination "Hulk711 won on time"]

1. d4 Nf6 2. Nf3 g6 3. c4 Bg7 4. Nc3 O-O 5. e4 d6 6. Be2 e5 7. O-O Nc6 8. d5 Ne7 9. b4 Nh5 10. Re1 f5 11. Ng5 Nf6 12. f3 c6 13. Be3 h6 14. Ne6 Bxe6 15. dxe6 f4 16. Bf2 Ne8 17. c5 d5 18. Qb3 d4 19. Na4 Nc7 20. Nb2 Rf6 21. Bc4 g5 22. Nd3 Rg6 23. a4 Qc8 24. b5 Nxe6 25. bxc6 Nxc6 26. Bd5 Kh7 27. Rab1 Rb8 28.
Rec1 h5 29. Qb5 Nc7 30. Qc4 Nxd5 31. exd5 Ne7 32. d6 Nf5 33. Qd5 Qd7 34. Nxe5 Bxe5 35. Qxe5 Ne3 36. Qxd4 Re6 37. Re1 Rbe8 38. Qd3+ Kh6 39.
Qb5 Qf7 40. Qxb7 Qf6 41. Qb2 Qf5 42. d7 Rd8 43. Bxe3 fxe3 44. Rbd1 Qxc5 45. Re2 Re7 46. Qb7 Qc4 47. Kf1 a5 48. h4 gxh4 49. Qb6+ Kh7 50. Qxd8 1-0